 Dungeon Crawl Stone Soup version 0.30.1-9-gdf580d7c3d (webtiles) character file.

Game seed: 1105306451433242070

5863 Laveh the Grappler (level 10, -12/98 HPs)
             Began as a Troll Berserker on Oct 18, 2023.
             Was a Priest of Trog.
             Killed from afar by a steam dragon (19 damage)
             ... with a ball of steam
             ... on level 8 of the Dungeon on Oct 19, 2023.
             The game lasted 00:46:04 (6645 turns).

Laveh the Grappler (Troll Berserker)                Turns: 6645, Time: 00:46:05

Health: -12/98     AC:  4    Str: 31    XL:     10   Next: 52%
Magic:  9/9        EV:  8    Int:  3    God:    Trog [***...]
Gold:   303        SH: 12    Dex:  9    Spells: 9/9 levels left

rFire   . .          .
                       - Unarmed
rCold   . . .        I - +0 tower shield
rNeg    . . .        a - +0 animal skin
rPois   .            (helmet restricted)
rElec   .            (no cloak)
rCorr   .            (gloves unavailable)
SInv    .            (boots unavailable)
Will    +++..        l - amulet of regeneration
Stlth   +            z - ring of willpower
HPRegen 2.96/turn    (no ring)
MPRegen 0.11/turn

%: no passive effects
@: lethally poisoned (-12 -> -12), strong-willed (expiring), on berserk
cooldown, regenerating (expiring), slowed, very slow
A: large, unfitting armour, claws 3, regeneration 1, shaggy fur 1, tough skin 1
a: Renounce Religion, Berserk, Trog's Hand


You were on level 8 of the Dungeon.
You worshipped Trog.
Trog was most pleased with you.
You visited 2 branches of the dungeon, and saw 9 of its levels.
You also visited: Ossuary and Bailey.

You collected 303 gold pieces.

Inventory:

Hand Weapons
 B - a +1 whip of flaming
 N - a +2 sling of flaming
Missiles
 m - 18 poisoned darts
Armour
 a - a +0 animal skin (worn)
 g - a +0 ring mail
 h - a +0 pair of gloves
 x - a +0 troll leather armour {Pargi}
 y - +0 fire dragon scales
 C - a +1 robe of positive energy
 I - a +0 tower shield (worn)
 J - a +0 pair of boots
 O - the +0 leather armour of the Other Side {rC- Regen+ Str+3 Int+6}
   (You found it in a bailey)

   Str:       It affects your strength (+3).
   Int:       It affects your intelligence (+6).
   rC:        It makes you vulnerable to cold.
   Regen:     It increases your rate of health regeneration.
Magical Staves
 s - a staff of conjuration
Jewellery
 b - an amulet of the acrobat
 j - an amulet of guardian spirit
 l - an amulet of regeneration (around neck)
 q - an amulet of faith
 z - a ring of willpower (left claw)
Wands
 F - a wand of polymorph (3) (quivered)
Scrolls
 c - 11 scrolls of identify {unknown}
 i - a scroll of immolation
 n - 2 scrolls of enchant armour {unknown}
 p - 3 scrolls of noise {unknown}
 r - 3 scrolls of acquirement
 t - 6 scrolls of teleportation {unknown}
 u - 4 scrolls of magic mapping {unknown}
 G - a scroll of poison {unknown}
 H - a scroll of fear {unknown}
 M - a scroll of blinking {unknown}
 P - 2 scrolls of fog {unknown}
Potions
 d - 8 potions of curing {unknown}
 e - a potion of ambrosia {unknown}
 f - 4 potions of degeneration {unknown}
 k - 2 potions of cancellation {unknown}
 o - 5 potions of haste {unknown}
 v - 2 potions of heal wounds {unknown}
 w - a potion of flight {unknown}
 A - a potion of brilliance {unknown}
 D - a potion of mutation {unknown}
 E - 4 potions of lignification {unknown}
 K - a potion of might {unknown}
 L - a potion of experience
 Q - a potion of attraction {unknown}
 R - a potion of invisibility {unknown}


   Skills:
 * Level 5.8 Fighting
 - Level 5.0 Dodging
 - Level 1.1 Stealth
 * Level 5.4 Shields
 + Level 12.2 Unarmed Combat


You had 9 spell levels left.
You didn't know any spells.
Your spell library was empty.

Dungeon Overview and Level Annotations

Branches:
Dungeon (8/15)             Temple (1/1) D:6         Ossuary (visited)
 Bailey (visited)
   Lair: D:8-11

Altars:
Ashenzari
Cheibriados
Dithmenos
Elyvilon
Fedhas
Gozag
Hepliaklqana
Kikubaaqudgha
Makhleb
Nemelex Xobeh
Okawaru
Qazlal
Ru
Sif Muna
Trog
Uskayaw
Vehumet
Wu Jian
Xom
Yredelemnul
Zin
The Shining One

Shops:
D:1 (   D:3 (


Innate Abilities, Weirdness & Mutations

You are too large for most types of armour.
You have claws for hands.
Your natural rate of healing is unusually fast.
You are covered in fur. (AC +1)
You have tough skin. (AC +1)


Message History

You suddenly lose the ability to move!
The bullfrog swells and bulges.
You feel very sick. The hornet stings you.
You are more poisoned.
You feel as though you will be slow longer.
The hornet stings you!
* * * LOW HITPOINT WARNING * * *
You feel as though you will be slow longer.
You feel very sick.
The hornet stings you but does no damage.
You can move again.
You mangle the hornet!!
The hornet is almost dead.
You feel very sick.
You block the hornet's attack. x2; The hornet barely misses you.
You scratch the hornet but do no damage.
The hornet is almost dead.
You feel very sick. You block the hornet's attack.
The hornet barely misses you.
You claw the hornet!
You kill the hornet!
Trog accepts your kill.
You feel the effects of Trog's Hand fading.
You feel very sick. You block the bullfrog's attack. x2
You claw the bullfrog!
The bullfrog is severely wounded.
You feel sick. You block the bullfrog's attack.
The bullfrog hits you but does no damage.
You mangle the bullfrog!!
You kill the bullfrog!
Trog accepts your kill.
You feel sick.
The centaur shoots an arrow.
The arrow hits you.
* * * LOW HITPOINT WARNING * * *
The centaur shoots an arrow.
The arrow hits you!
* * * LOW HITPOINT WARNING * * *
The steam dragon breathes steam at you. The ball of steam hits you!!
You die...

.# .# .# ### .#
...#### .####
#....#### ....######
##..#....# .........#
#........#
##.###.........##)).#
...# #...## #@#..#
##.## # #YD§##..#
##..# .....Jc#...#
....# ....#..#...#
#...## ### ..##...#
##...# #..#..#.#
#...# #..#..#.#
##...# #..#....#
.#.[## ##..##


You could see a steam dragon (catching breath), an ice beast, a centaur and a
jelly.

Vanquished Creatures
  2 orc knights (Bailey)
  Pikel (D:5)
  A manticore (D:8)
  An unseen horror (D:7)
  2 kobold demonologists (Bailey)
  2 hornets (D:8)
  A yak (D:8)
  Pargi (D:4)
  2 black bears (D:5)
  A sky beast (D:8)
  6 orc warriors
  2 ogres
  3 centaurs (D:8)
  A lemure (D:5)
  2 phantoms
  A kobold brigand (D:8)
  5 bullfrogs
  4 water moccasin zombies (Ossuary)
  4 wights (D:7)
  2 electric eels (Bailey)
  2 howler monkeys
  3 hounds
  A jelly (D:4)
  2 orc priests
  An orc wizard (D:4)
  2 mummies (Ossuary)
  5 gnolls (Bailey)
  6 adders
  A shadow imp (D:7)
  8 adder zombies (Ossuary)
  2 worms (D:4)
  3 dart slugs
  18 orcs
  11 bats
  11 endoplasms
  2 giant cockroaches (D:4)
  12 hobgoblins
  6 jackals
  2 quokkas
  9 ball pythons
  13 frilled lizards
  6 gnoll zombies (Ossuary)
  15 goblins
  3 hobgoblin zombies (Ossuary)
  10 kobolds
  6 kobold zombies (Ossuary)
  4 orc zombies (Ossuary)
  6 rats
214 creatures vanquished.

Notes
Turn   | Place    | Note
-------+----------+-------------------------------------------
     0 | D:1      | Laveh the Troll Berserker began the quest for the Orb.
     0 | D:1      | Reached XP level 1. HP: 22/22 MP: 0/0
    27 | D:1      | Found Luonk's Antique Weapon Emporium.
   111 | D:1      | Reached XP level 2. HP: 29/29 MP: 1/1
   167 | D:1      | Found a faded altar of an unknown god.
   397 | D:1      | Reached ** piety under Trog
   454 | D:2      | Reached XP level 3. HP: 36/36 MP: 2/2
   608 | D:2      | Reached skill level 4 in Unarmed Combat
   680 | D:2      | Found a burning altar of Makhleb.
   867 | D:2      | Reached XP level 4. HP: 43/45 MP: 3/3
  1283 | D:3      | Found Kiphixu's Antique Weapon Shoppe.
  1307 | D:3      | Found a shadowy altar of Dithmenos.
  1467 | D:3      | Reached *** piety under Trog
  1937 | D:4      | Reached XP level 5. HP: 46/53 MP: 4/4
  2028 | D:4      | Reached skill level 5 in Unarmed Combat
  2435 | D:4      | Noticed Pargi
  2443 | D:4      | Killed Pargi
  2444 | D:4      | Reached XP level 6. HP: 61/61 MP: 5/5
  2591 | D:4      | Reached skill level 6 in Unarmed Combat
  2942 | D:5      | Entered Level 5 of the Dungeon
  3098 | D:5      | Reached XP level 7. HP: 66/67 MP: 6/6
  3268 | D:5      | Reached skill level 7 in Unarmed Combat
  3534 | D:5      | Noticed Pikel
  3547 | D:5      | Killed Pikel
  3548 | D:5      | Reached skill level 8 in Unarmed Combat
  3548 | D:5      | Reached XP level 8. HP: 76/76 MP: 7/7
  3720 | D:5      | Found an ornate altar of the Wu Jian Council.
  3720 | D:5      | Found a snail-covered altar of Cheibriados.
  3722 | D:5      | Found a shimmering blue altar of Sif Muna.
  3722 | D:5      | Found an ancient bone altar of Kikubaaqudgha.
  3871 | D:6      | Found a sand-covered staircase.
  3875 | Ossuary  | Entered an ossuary
  3955 | Ossuary  | Reached skill level 1 in Stealth
  3958 | Ossuary  | Reached **** piety under Trog
  4297 | D:6      | Reached skill level 5 in Dodging
  4301 | D:6      | Reached skill level 9 in Unarmed Combat
  4337 | D:6      | Found a staircase to the Ecumenical Temple.
  4343 | Temple   | Entered the Ecumenical Temple
  4621 | D:6      | Found a broken altar of Ashenzari.
  4878 | D:7      | Found a flagged portal.
  4898 | Bailey   | Entered a bailey
  5012 | Bailey   | Reached skill level 1 in Shields
  5046 | Bailey   | Noticed an orc knight
  5061 | Bailey   | Killed an orc knight
  5062 | Bailey   | Reached skill level 10 in Unarmed Combat
  5062 | Bailey   | Reached XP level 9. HP: 85/85 MP: 8/8
  5153 | Bailey   | Noticed an orc knight
  5159 | Bailey   | Killed an orc knight
  5293 | Bailey   | Found an iron altar of Okawaru.
  5293 | Bailey   | Noticed a kobold demonologist
  5293 | Bailey   | Noticed a kobold demonologist
  5301 | Bailey   | Noticed a rust devil
  5302 | Bailey   | Reached skill level 11 in Unarmed Combat
  5304 | Bailey   | Noticed a smoke demon
  5310 | Bailey   | Noticed a soul eater
  5310 | Bailey   | Killed a kobold demonologist
  5313 | Bailey   | Killed a kobold demonologist
  5316 | Bailey   | Reached skill level 5 in Fighting
  5481 | Bailey   | Identified the +0 leather armour of the Other Side {rC-
                  | Regen+ Str+3 Int+6}
  5761 | D:7      | Reached XP level 10. HP: 26/89 MP: 9/9
  6034 | D:7      | Found a stormy altar of Qazlal.
  6050 | D:7      | HP: 2/94 [something (6)]
  6575 | D:8      | Reached skill level 12 in Unarmed Combat
  6614 | D:8      | Noticed a manticore
  6626 | D:8      | Killed a manticore
  6630 | D:8      | Reached skill level 5 in Shields
  6631 | D:8      | Paralysed by a hornet for 3 turns
  6638 | D:8      | Paralysed by a hornet for 3 turns
  6645 | D:8      | Killed from afar by a steam dragon

Illustrated notes

Levels and vault maps discovered:
D:1:      giann_horns, layout_rooms, serial_shops, nicolae_shop_tiny_waterfront,
          hellmonk_ecumenical_altar_blasted
D:2:      layout_rooms, basic_altar, kennysheep_another_room, minmay_puff
D:3:      layout_loops_ring, mainiacjoe_overflow_boulevard, serial_shops, shop,
          minmay_lizard_king
D:4:      layout_layer_cave, nicolae_underground_beach, uniq_pargi
D:5:      layout_basic, mainiacjoe_overflow_alcove_3, uniq_pikel
D:6:      layout_basic, mainiacjoe_overflow_alcove_1, minmay_temple_entry_fiery,
          nicolae_ossuary_entry_plus, nicolae_elevator_lobby_asterisk
D:7:      layout_loops_ring, mainiacjoe_overflow_chevrons, enter_bailey_6,
          kennysheep_generic_room_13
D:8:      layout_loops_ring, minmay_pinched_square
Temple:   bh_familiar_temple

Skill      XL: |  1  2  3  4  5  6  7  8  9 10 |
---------------+-------------------------------+-----
Unarmed Combat | 4 5 6 8 10 11 12 | 12.2
Fighting       | 3 4 5 |  5.8
Dodging        | 3 4 5 |  5.0
Stealth        | 1 |  1.1
Shields        | 1 3 5 |  5.4

Action                     |  1- 3 |  4- 6 |  7- 9 | 10-12 || total
---------------------------+-------+-------+-------+-------++-------
  Melee: Unarmed           |    86 |   133 |   251 |    99 ||   569
         Punch             |     1 |     2 |     4 |       ||     7
 Invoke: Berserk           |       |     1 |     6 |     2 ||     9
         Trog's Hand       |       |       |     6 |     4 ||    10
   Stab: Sleeping          |       |     1 |     1 |     1 ||     3
 Armour: Animal skin       |    29 |    39 |    48 |    25 ||   141
  Dodge: Dodged            |    54 |    76 |    51 |    30 ||   211
  Block: Tower shield      |       |       |    41 |    70 ||   111
